 Dungeon Crawl Stone Soup version 0.30.1 (webtiles) character file.

Game seed: 7353744724935573

462 Bnni the Chopper (level 7, -1/61 HPs)
             Began as a Hill Orc Monk on July 8, 2023.
             Was a Priest of Beogh.
             Slain by a scorpion (6 damage)
             ... on level 5 of the Dungeon.
             The game lasted 00:04:01 (2756 turns).

Bnni the Chopper (Hill Orc Monk)                    Turns: 2756, Time: 00:04:02

Health: -1/61      AC:  4    Str: 16    XL:     7   Next: 7%
Magic:  7/7        EV: 12    Int: 10    God:    Beogh [***...]
Gold:   223        SH:  0    Dex: 13    Spells: 6/6 levels left

rFire   . . .        y - +0 war axe
rCold   . . .        q - +0 buckler
rNeg    . . .        s - +0 chain mail
rPois   .            (no helmet)
rElec   .            (no cloak)
rCorr   .            (no gloves)
SInv    .            (no boots)
Will    .....        (no amulet) Stlth
                     l - +4 ring of slaying
HPRegen 0.30/turn    t - +5 ring of evasion
MPRegen 0.10/turn

%: no passive effects
@: confused, lethally poisoned (-1 -> -13), ambrosia-drunk, corroded, attractive
A: no striking features
a: Renounce Religion, Smiting


You were on level 5 of the Dungeon.
You worshipped Beogh.
Beogh was most pleased with you.
You visited 1 branch of the dungeon, and saw 5 of its levels.

You collected 223 gold pieces.

Inventory:

Hand Weapons
 x - a +2 dagger of venom
 y - a +0 war axe (weapon)
Missiles
 b - 4 javelins (quivered)
 z - 17 poisoned darts
 B - 2 curare-tipped darts
Armour
 d - an orb of light
 q - a +0 buckler (worn)
 s - a +0 chain mail (worn)
Jewellery
 l - a +4 ring of slaying (left hand)
 t - a +5 ring of evasion (right hand)
Wands
 e - a wand of charming (10)
Scrolls
 f - a scroll of fog {unknown}
 h - a scroll of enchant armour {unknown}
 i - a scroll of magic mapping {unknown}
 o - 3 scrolls of teleportation {unknown}
 r - a scroll of vulnerability {unknown}
 w - a scroll of identify {unknown}
 A - a scroll of torment {unknown}
Potions
 a - a potion of berserk rage {unknown}
 g - 2 potions of attraction
 j - a potion of resistance {unknown}
 k - a potion of heal wounds {unknown}
 m - a potion of degeneration {unknown}
 n - 2 potions of magic {unknown}
 p - a potion of lignification {unknown}
 u - a potion of brilliance {unknown}
 v - a potion of invisibility {unknown}


   Skills:
 + Level 5.6 Fighting
 * Level 7.9 Axes
 - Level 2.4 Dodging
 + Level 3.2 Shields


You had 6 spell levels left.
You didn't know any spells.
Your spell library contained the following spells:

 Spells                   Type           Power      Damage    Failure   Level
 Inner Flame              Hex/Fire       0%         N/A       100%        3
 Flame Wave               Conj/Fire      0%         2d4       100%        4
 Sticky Flame             Conj/Fire      0%         2d3       100%        4


Dungeon Overview and Level Annotations

Branches:
Dungeon (5/15)
 Temple: D:4-7

Altars:
Hepliaklqana
Qazlal


Message History

You are confused.
You feel invigorated.
* * * LOW HITPOINT WARNING * * *
You feel very sick. The scorpion misses you.
* * * LOW HITPOINT WARNING * * *
You feel very sick.
Things that are here:
a +0 short sword; a +0 leather armour; an orc corpse Unknown command.
* * * LOW HITPOINT WARNING * * *
You feel sick. The scorpion closely misses you.
The scorpion stings you but does no damage.
Unknown command.
You barely miss the scorpion.
The scorpion is severely wounded.
You feel sick. The scorpion barely misses you.
Unknown command.
You miss the scorpion.
The scorpion is severely wounded.
You feel sick. The scorpion stings you.
* * * LOW HITPOINT WARNING * * *
Unknown command.
You feel less invigorated.
You feel less confused.
You feel sick. The scorpion barely misses you.
Unknown command.
You completely miss the scorpion.
The scorpion is severely wounded.
You feel sick. The scorpion stings you.
* * * LOW HITPOINT WARNING * * *
You are lethally poisoned!
The scorpion poisons you! The scorpion stings you.
* * * LOW HITPOINT WARNING * * *
You are confused.
You feel invigorated.
* * * LOW HITPOINT WARNING * * *
You feel very sick. The scorpion stings you.
You die...

....#...........######
#.#...#......#.##
#.##...#####....
.#......######.###
..................
..................
..................
..................
.......)s@...(....
..<............[..
..................
..................
..................
.(........>...#..
.....?......### #
.......#..###
.....#..##


You could see a scorpion.

Vanquished Creatures
  A phantom (D:5)
  2 scorpions
  A jelly (D:5)
  An orc priest (D:4)
  A sleepcap (D:5)
  An iguana (D:5)
  8 adders
  3 worms
  2 dart slugs
  6 orcs
  5 ball pythons
  3 endoplasms
  3 giant cockroaches
  5 goblins
  7 hobgoblins
  8 jackals (D:3)
  8 kobolds
  A quokka (D:2)
  5 bats
  4 frilled lizards
  4 rats
79 creatures vanquished.

Notes
Turn   | Place    | Note
-------+----------+-------------------------------------------
     0 | D:1      | Bnni the Hill Orc Monk began the quest for the Orb.
     0 | D:1      | Reached XP level 1. HP: 19/19 MP: 1/1
   176 | D:1      | Reached XP level 2. HP: 27/27 MP: 2/2
   824 | D:2      | Reached skill level 5 in Axes
   926 | D:2      | Reached XP level 3. HP: 28/33 MP: 3/3
  1264 | D:3      | Reached skill level 1 in Shields
  1312 | D:3      | Reached XP level 4. HP: 38/40 MP: 4/4
  1331 | D:3      | Became a worshipper of Beogh the Brigand
  1331 | D:3      | Reached * piety under Beogh
  1331 | D:3      | Reached ** piety under Beogh
  1793 | D:3      | Reached skill level 6 in Axes
  1822 | D:3      | Found a stormy altar of Qazlal.
  1822 | D:3      | Found a hazy altar of Hepliaklqana.
  2073 | D:4      | Reached XP level 5. HP: 39/47 MP: 5/5
  2542 | D:4      | Reached skill level 5 in Fighting
  2542 | D:4      | Reached XP level 6. HP: 40/56 MP: 6/6
  2636 | D:5      | Entered Level 5 of the Dungeon
  2641 | D:5      | Reached *** piety under Beogh
  2642 | D:5      | Reached skill level 7 in Axes
  2744 | D:5      | Reached XP level 7. HP: 24/61 MP: 7/7
  2755 | D:5      | HP: 3/61 [scorpion (4)]
  2756 | D:5      | Slain by a scorpion

Illustrated notes

Levels and vault maps discovered:
D:1:      wander_arrival_desolate, layout_loops_ring, minmay_pentomino_q2
D:2:      layout_rooms
D:3:      layout_basic, gammafunk_temple_overflow_statue, serial_bayou,
          serial_bayou_shore_a, serial_bayou_pond_e, serial_bayou_lake_a,
          serial_bayou_pond_e, minmay_misc_feat_cross
D:4:      minmay_chambers_of_twos, layout_basic
D:5:      layout_rooms, minmay_overflow_temple_star_hex

Skill      XL: |  1  2  3  4  5  6 |
---------------+-------------------+-----
Fighting       | 4 5 |  5.6
Axes           | 5 6 7 |  7.9
Shields        | 1 2 3 |  3.2
Dodging        | |  2.4

Action                     |  1- 3 |  4- 6 |  7- 9 || total
---------------------------+-------+-------+-------++-------
  Melee: Hand axe          |    82 |    67 |       ||   149
         War axe           |       |    63 |     7 ||    70
 Invoke: Convert to Beogh  |       |     1 |       ||     1
    Use: Potion            |       |       |     3 ||     3
 Armour: Robe              |     5 |       |       ||     5
         Leather armour    |     6 |       |       ||     6
         Chain mail        |     9 |    44 |     2 ||    55
  Dodge: Dodged            |    46 |    70 |     8 ||   124
  Block: Buckler           |     7 |    21 |     1 ||    29
